APP
MISSOULA OSPREY @ GRAND JUNCTION ROCKIES
07/02/2044
 
TOP OF THE 1ST
Missoula Osprey batting - Pitching for Grand Junction Rockies : RHP Don Boudreau
Pitching: RHP Don Boudreau
Batting: SHB Roger Holmes 0-0: Swinging Strike
0-1: Foul Ball, location: 2F
0-2: Ball
1-2: Ball
2-2: Strikes out swinging
Batting: RHB Ernesto Zamora 0-0: Foul Ball, location: 2F
0-1: Swinging Strike
0-2: Ground out 6-3 (Groundball, 56, EV 100.0 MPH)
Batting: SHB Evan Armagost 0-0: Ball
1-0: Called Strike
1-1: Swinging Strike
1-2: Ball
2-2: Ball
3-2: Ground out 6-3 (Groundball, 6S, EV 86.9 MPH)
Top of the 1st over - 0 runs, 0 hits, 0 errors, 0 left on base; Missoula 0 - Grand Junction 0
BOTTOM OF THE 1ST
Grand Junction Rockies batting - Pitching for Missoula Osprey : RHP Jorge Gallegos
Pitching: RHP Jorge Gallegos
Batting: RHB Juan Figueroa 0-0: Ball
1-0: Ball
2-0: Fly out, F8 (Flyball, 8RS, EV 88.1 MPH)
Batting: RHB Henry Alvizo 0-0: Ball
1-0: DOUBLE (Groundball, 5L, EV 100.6 MPH)
Batting: RHB John Boyer 0-0: Called Strike
0-1: Ball
1-1: Foul Ball, location: 2F
1-2: Ball
2-2: SINGLE (Line Drive, 78M, EV 104.4 MPH)
Henry Alvizo to third
Batting: LHB Zack Guillen 0-0: Called Strike
0-1: Swinging Strike
0-2: Strikes out swinging
Batting: LHB Chris Salim 0-0: Ball
1-0: Swinging Strike
1-1: Ball
2-1: Called Strike
2-2: Ball
3-2: TRIPLE (Flyball, 78XD, EV 93.8 MPH)
Henry Alvizo scores
John Boyer scores
Batting: SHB Jeff Sorrels 0-0: Called Strike
0-1: DOUBLE (Line Drive, 89D, EV 113.8 MPH)
Chris Salim scores
Batting: RHB Willis Morales 0-0: Ball
1-0: Foul Ball, location: 2F
1-1: Called Strike
1-2: Strikes out looking
Bottom of the 1st over - 3 runs, 4 hits, 0 errors, 1 left on base; Missoula 0 - Grand Junction 3
TOP OF THE 2ND
Missoula Osprey batting - Pitching for Grand Junction Rockies : RHP Don Boudreau
Batting: SHB Blaine Peters 0-0: Ball
1-0: Fly out, F9 (Flyball, 9S, EV 79.4 MPH)
Batting: RHB Antonio Luisa 0-0: Called Strike
0-1: Called Strike
0-2: Ball
1-2: Ball
2-2: Ball
3-2: SINGLE (Groundball, 56D, EV 101.2 MPH)
Batting: SHB Ed Vargas 0-0: Called Strike
0-1: Foul Ball, location: 2F
0-2: Ball
1-2: Strikes out swinging
Batting: LHB Tae-geun Kwang 0-0: Fly out, F9 (Line Drive, 9D, EV 93.1 MPH)
Top of the 2nd over - 0 runs, 1 hit, 0 errors, 1 left on base; Missoula 0 - Grand Junction 3
BOTTOM OF THE 2ND
Grand Junction Rockies batting - Pitching for Missoula Osprey : RHP Jorge Gallegos
Batting: RHB Zakhar Edelman 0-0: Fly out, F9 (Line Drive, 9, EV 95.0 MPH)
Batting: RHB Keith Giarratano 0-0: Called Strike
0-1: Ball
1-1: Swinging Strike
1-2: Strikes out swinging
Batting: RHB Juan Figueroa 0-0: Ball
1-0: Ball
2-0: Ball
3-0: Swinging Strike
3-1: Base on Balls
Batting: RHB Henry Alvizo 0-0: Ball
Juan Figueroa is caught stealing 2nd base 2-4
Bottom of the 2nd over - 0 runs, 0 hits, 0 errors, 0 left on base; Missoula 0 - Grand Junction 3
TOP OF THE 3RD
Missoula Osprey batting - Pitching for Grand Junction Rockies : RHP Don Boudreau
Batting: RHB Zach Espinosa 0-0: Ball
1-0: Called Strike
1-1: SINGLE (Groundball, 6D, EV 108.8 MPH)
Batting: RHB Hyeok Shon 0-0: Ball
Wild Pitch!
Zach Espinosa to second
1-0: Foul Ball, location: 2F
1-1: DOUBLE (Line Drive, 78M, EV 101.9 MPH)
Zach Espinosa scores
Batting: SHB Roger Holmes 0-0: Called Strike
0-1: Ground out 4-3 (Groundball, 4, EV 104.4 MPH)
Hyeok Shon to third
Batting: RHB Ernesto Zamora 0-0: Ball
1-0: Ball
2-0: Ball
3-0: Base on Balls
Batting: SHB Evan Armagost 0-0: Ball
1-0: Ball
2-0: Ball
3-0: Called Strike
3-1: Called Strike
Ernesto Zamora is caught stealing 2nd base 2-6
3-2: SINGLE (Groundball, 4MD, EV 94.4 MPH)
Hyeok Shon scores
Batting: SHB Blaine Peters 0-0: Ball
Pickoff Throw to First - Out! 1-3
Top of the 3rd over - 2 runs, 3 hits, 0 errors, 0 left on base; Missoula 2 - Grand Junction 3
BOTTOM OF THE 3RD
Grand Junction Rockies batting - Pitching for Missoula Osprey : RHP Jorge Gallegos
Batting: RHB Henry Alvizo 0-0: Ball
1-0: Ball
2-0: Ball
3-0: Base on Balls
Batting: RHB John Boyer 0-0: Foul Ball, location: 2F
0-1: Ball
Henry Alvizo is caught stealing 2nd base 2-4
1-1: SINGLE (Line Drive, 6MD, EV 98.1 MPH)
Batting: LHB Zack Guillen 0-0: Foul Ball, location: 2F
0-1: Ball
1-1: Called Strike
1-2: 2-RUN HOME RUN (Flyball, 9D, EV 101.2 MPH), Distance : 395 ft
Batting: LHB Chris Salim 0-0: Called Strike
0-1: Ground out 5-3 (Groundball, 5, EV 92.5 MPH)
Batting: SHB Jeff Sorrels 0-0: Ball
1-0: Ball
2-0: Ball
3-0: Base on Balls
Batting: RHB Willis Morales 0-0: Ball
1-0: Ball
2-0: TRIPLE (Flyball, 9D, EV 106.2 MPH)
Jeff Sorrels scores
Batting: RHB Zakhar Edelman 0-0: Ball
1-0: Ball
2-0: Ball
3-0: Called Strike
3-1: Ground out 4-3 (Groundball, 4, EV 77.5 MPH)
Bottom of the 3rd over - 3 runs, 3 hits, 0 errors, 1 left on base; Missoula 2 - Grand Junction 6
TOP OF THE 4TH
Missoula Osprey batting - Pitching for Grand Junction Rockies : RHP Don Boudreau
Batting: SHB Blaine Peters 0-0: Called Strike
0-1: Ball
1-1: Ball
2-1: Ball
3-1: Called Strike
3-2: SINGLE (Groundball, 6MD, EV 104.4 MPH)
Batting: RHB Antonio Luisa 0-0: Ball
1-0: Ball
2-0: Ball
3-0: Called Strike
3-1: Grounds into double play, 6-4-3 (Groundball, 6, EV 82.5 MPH)
Pitching: RHP Jim Micaletti
Batting: SHB Ed Vargas 0-0: Ball
1-0: Called Strike
1-1: Ground out 4-3 (Groundball, 34, EV 105.6 MPH)
Top of the 4th over - 0 runs, 1 hit, 0 errors, 0 left on base; Missoula 2 - Grand Junction 6
BOTTOM OF THE 4TH
Grand Junction Rockies batting - Pitching for Missoula Osprey : RHP Jorge Gallegos
Batting: RHB Keith Giarratano 0-0: Called Strike
0-1: SINGLE (Line Drive, 56D, EV 96.2 MPH)
Batting: RHB Juan Figueroa 0-0: Called Strike
0-1: Fielders Choice at 2nd, 1-6 (Groundball, 13S, EV 63.1 MPH)
Batting: RHB Henry Alvizo 0-0: Ball
Juan Figueroa steals 2nd base
1-0: Ball
Juan Figueroa steals 3rd base
2-0: Called Strike
2-1: Foul Ball, location: 2F
2-2: Strikes out swinging
Pitching: LHP Heath Henderson
Batting: RHB John Boyer 0-0: Ground out 5-3 (Groundball, 56S, EV 78.8 MPH)
Bottom of the 4th over - 0 runs, 1 hit, 0 errors, 1 left on base; Missoula 2 - Grand Junction 6
TOP OF THE 5TH
Missoula Osprey batting - Pitching for Grand Junction Rockies : RHP Jim Micaletti
Batting: LHB Tae-geun Kwang 0-0: Called Strike
0-1: Ball
1-1: DOUBLE (Flyball, 8LXD, EV 106.2 MPH)
Batting: RHB Zach Espinosa 0-0: SINGLE (Groundball, 6D, EV 101.2 MPH)
Tae-geun Kwang to third
Batting: RHB Hyeok Shon 0-0: Ball
1-0: Swinging Strike
1-1: SINGLE (Groundball, 56S, EV 65.6 MPH) (infield hit)
Tae-geun Kwang scores
Zach Espinosa to second
Batting: SHB Roger Holmes 0-0: Called Strike
0-1: Swinging Strike
0-2: Ball
1-2: Ball
2-2: Foul Ball, location: 2F
2-2: Ball
3-2: Base on Balls
Zach Espinosa to third
Hyeok Shon to second
Batting: RHB Ernesto Zamora 0-0: Ball
1-0: Called Strike
1-1: Foul Ball, location: 2F
1-2: Ball
2-2: SINGLE (Groundball, 56D, EV 105.0 MPH)
Zach Espinosa scores
Hyeok Shon to third
Roger Holmes to second
Runner from 3rd tries for Home, SAFE, throw by LF to home
Batting: SHB Evan Armagost 0-0: Ball
1-0: Ball
2-0: Foul Ball, location: 2F
2-1: Grounds into double play, 6-4-3 (Groundball, 6, EV 89.4 MPH)
Roger Holmes to third
Batting: SHB Blaine Peters 0-0: Ball
1-0: SINGLE (Flyball, 3D, EV 90.6 MPH)
Roger Holmes scores
Batting: RHB Antonio Luisa 0-0: SINGLE (Groundball, 56D, EV 96.9 MPH)
Blaine Peters to second
Batting: SHB Ed Vargas 0-0: Ball
1-0: Ball
2-0: Foul Ball, location: 2F
2-1: Called Strike
2-2: Ball
3-2: Base on Balls
Blaine Peters to third
Antonio Luisa to second
Batting: LHB Tae-geun Kwang 0-0: Ball
1-0: Called Strike
1-1: Fly out, F9 (Flyball, 9S, EV 83.8 MPH)
Top of the 5th over - 4 runs, 6 hits, 0 errors, 3 left on base; Missoula 6 - Grand Junction 6
BOTTOM OF THE 5TH
Grand Junction Rockies batting - Pitching for Missoula Osprey : LHP Heath Henderson
Batting: RHB Andy Rayer 0-0: Called Strike
0-1: Ball
1-1: Foul Ball, location: 2F
1-2: Fly out, F3 (Popup, 3F, EV 64.4 MPH)
Batting: LHB Chris Salim 0-0: Called Strike
0-1: Called Strike
0-2: Foul Ball, location: 2F
0-2: Ball
1-2: Ball
2-2: Strikes out swinging
Batting: SHB Jeff Sorrels 0-0: Foul Ball, location: 2F
0-1: Foul Ball, location: 2F
0-2: Ball
1-2: Strikes out swinging
Bottom of the 5th over - 0 runs, 0 hits, 0 errors, 0 left on base; Missoula 6 - Grand Junction 6
TOP OF THE 6TH
Missoula Osprey batting - Pitching for Grand Junction Rockies : RHP Jim Micaletti
Batting: RHB Zach Espinosa 0-0: Ball
1-0: Ball
2-0: Ball
3-0: Called Strike
3-1: Foul Ball, location: 2F
3-2: Strikes out swinging
Batting: RHB Hyeok Shon 0-0: Ball
1-0: Ball
2-0: Ball
3-0: Called Strike
3-1: Base on Balls
Batting: SHB Roger Holmes 0-0: Ball
Hyeok Shon steals 2nd base
1-0: Foul Ball, location: 2F
1-1: Ground out 2-3 (Groundball, 13S, EV 65.6 MPH)
Hyeok Shon to third
Batting: RHB Ernesto Zamora 0-0: Ball
1-0: Ball
2-0: Called Strike
2-1: SINGLE (Groundball, 5S, EV 59.4 MPH) (infield hit)
Hyeok Shon scores
Batting: SHB Evan Armagost 0-0: Ball
Ernesto Zamora is caught stealing 2nd base 2-6
Top of the 6th over - 1 run, 1 hit, 0 errors, 0 left on base; Missoula 7 - Grand Junction 6
BOTTOM OF THE 6TH
Grand Junction Rockies batting - Pitching for Missoula Osprey : LHP Heath Henderson
Batting: RHB Willis Morales 0-0: Called Strike
0-1: Foul Ball, location: 2F
0-2: Strikes out swinging
Batting: RHB Zakhar Edelman 0-0: Ball
1-0: Foul Ball, location: 2F
1-1: Swinging Strike
1-2: SOLO HOME RUN (Flyball, 9D, EV 101.9 MPH), Distance : 405 ft
Batting: RHB Keith Giarratano 0-0: Ball
1-0: Foul Ball, location: 2F
1-1: Ball
2-1: Swinging Strike
2-2: Ball
3-2: SINGLE (Groundball, 13S, EV 68.1 MPH) (infield hit)
Pitching: RHP Jason Hammons
Batting: RHB Juan Figueroa 0-0: Called Strike
0-1: Called Strike
0-2: Foul Ball, location: 2F
0-2: Ball
1-2: Ball
2-2: Ball
3-2: 2-RUN HOME RUN (Flyball, 7LD, EV 92.5 MPH), Distance : 341 ft
Pitching: RHP Alan Muth
Batting: RHB Henry Alvizo 0-0: Swinging Strike
0-1: Ground out 6-3 (Groundball, 6MS, EV 71.9 MPH)
Batting: RHB John Boyer 0-0: Ball
1-0: Called Strike
1-1: Ball
2-1: Ball
3-1: Base on Balls
Batting: RHB Andy Rayer 0-0: Ball
1-0: Ball
2-0: Called Strike
2-1: Ball
3-1: Base on Balls
John Boyer to second
Batting: LHB Chris Salim 0-0: Called Strike
0-1: Ball
1-1: Swinging Strike
1-2: Strikes out swinging
Bottom of the 6th over - 3 runs, 3 hits, 0 errors, 2 left on base; Missoula 7 - Grand Junction 9
TOP OF THE 7TH
Missoula Osprey batting - Pitching for Grand Junction Rockies : RHP Jim Micaletti
Batting: SHB Evan Armagost 0-0: Ball
1-0: Called Strike
1-1: Ball
2-1: Called Strike
2-2: Fly out, F7 (Flyball, 78M, EV 92.5 MPH)
Pitching: LHP Jason Ryan
Batting: SHB Blaine Peters 0-0: Swinging Strike
0-1: Ball
1-1: Ball
2-1: Foul Ball, location: 2F
2-2: SINGLE (Groundball, 6MD, EV 108.8 MPH)
Batting: RHB Antonio Luisa 0-0: Called Strike
0-1: Ball
1-1: Ball
Blaine Peters steals 2nd base
2-1: 2-RUN HOME RUN (Flyball, 7LD, EV 94.4 MPH), Distance : 348 ft
Batting: SHB Ed Vargas 0-0: Ball
1-0: Ball
2-0: Ball
3-0: Base on Balls
Batting: LHB Tae-geun Kwang 0-0: Ball
1-0: Foul Ball, location: 2F
1-1: Fielders Choice at 2nd, 3-6 (Groundball, 34, EV 82.5 MPH)
Batting: RHB Zach Espinosa 0-0: Ball
1-0: Foul Ball, location: 2F
1-1: Ball
2-1: SINGLE (Line Drive, 3D, EV 105.6 MPH)
Tae-geun Kwang to second
Pinch Runner at 2nd Nate Spencer:
Batting: RHB Hyeok Shon 0-0: DOUBLE (Line Drive, 5D, EV 108.1 MPH)
Nate Spencer scores
Zach Espinosa to third
Runner from 3rd tries for Home, SAFE, throw by LF to home
Batting: SHB Roger Holmes 0-0: Ball
1-0: Ball
2-0: DOUBLE (Line Drive, 89M, EV 106.2 MPH)
Hyeok Shon scores
Batting: RHB Ernesto Zamora 0-0: Ball
1-0: Ball
2-0: 2-RUN HOME RUN (Flyball, 7LD, EV 95.6 MPH), Distance : 348 ft
Batting: SHB Evan Armagost 0-0: Ball
1-0: Called Strike
1-1: Ball
2-1: Ball
3-1: Base on Balls
Batting: SHB Blaine Peters 0-0: Ball
1-0: Ball
Evan Armagost steals 2nd base
2-0: Foul Ball, location: 2F
2-1: Ball
3-1: Called Strike
3-2: Fly out, F8 (Flyball, 8RD, EV 96.9 MPH)
Top of the 7th over - 7 runs, 6 hits, 0 errors, 1 left on base; Missoula 14 - Grand Junction 9
BOTTOM OF THE 7TH
Grand Junction Rockies batting - Pitching for Missoula Osprey : RHP Alan Muth
Now in RF: Steve Machol
Batting: SHB Jeff Sorrels 0-0: Foul Ball, location: 2F
0-1: Ball
1-1: Foul Ball, location: 2F
1-2: SINGLE (Groundball, 34D, EV 103.8 MPH)
Pitching: RHP Rick Foster
Batting: RHB Willis Morales 0-0: Foul Ball, location: 2F
0-1: Ball
1-1: Ball
Passed Ball!
Jeff Sorrels to second
2-1: Ball
3-1: Foul Ball, location: 2F
3-2: Base on Balls
Batting: RHB Zakhar Edelman 0-0: Called Strike
0-1: Ball
1-1: 3-RUN HOME RUN (Flyball, 9LD, EV 98.1 MPH), Distance : 357 ft
Batting: RHB Keith Giarratano 0-0: Called Strike
0-1: Ball
1-1: Foul Ball, location: 2F
1-2: Foul Ball, location: 2F
1-2: SOLO HOME RUN (Flyball, 9D, EV 103.1 MPH), Distance : 390 ft
Pitching: RHP John Petersen
Batting: RHB Juan Figueroa 0-0: Called Strike
0-1: Ball
1-1: Foul Ball, location: 2F
1-2: Ball
2-2: Ball
3-2: SINGLE (Line Drive, 4MD, EV 97.5 MPH)
Batting: RHB Henry Alvizo 0-0: Ball
1-0: Sac Bunt to 15 - play at first, batter OUT! 1-4
Juan Figueroa to second
Batting: RHB John Boyer 0-0: Ball
1-0: Ball
2-0: Ball
3-0: Base on Balls
Batting: LHB Luke Coulter 0-0: Ball
1-0: Fielders Choice at 2nd, 6-4 (Groundball, 6MD, EV 100.6 MPH)
Juan Figueroa to third
Batting: LHB Chris Salim 0-0: Ball
1-0: Foul Ball, location: 2F
1-1: Foul Ball, location: 2F
1-2: Ground out 4-3 (Groundball, 4, EV 83.1 MPH)
Bottom of the 7th over - 4 runs, 4 hits, 0 errors, 2 left on base; Missoula 14 - Grand Junction 13
TOP OF THE 8TH
Missoula Osprey batting - Pitching for Grand Junction Rockies : LHP Jason Ryan
Batting: RHB Antonio Luisa 0-0: Called Strike
0-1: Called Strike
0-2: Ball
1-2: Ball
2-2: SINGLE (Flyball, 34D, EV 94.4 MPH)
Batting: SHB Ed Vargas 0-0: Sac Bunt to 2R - play at first, batter OUT! 2-4
Antonio Luisa to second
Batting: RHB Steve Machol 0-0: Intentional Walk
Pinch Runner at 2nd Omar Marquez:
Batting: RHB Zach Espinosa 0-0: Ball
1-0: SINGLE (Groundball, 34D, EV 102.5 MPH)
Omar Marquez to third
Steve Machol to second
Runner from 3rd tries for Home, SAFE, throw by RF to home
Pitching: RHP Willie Benito
Pinch Hitting: LHB Dillon Rizzuto 0-0: Ball
1-0: Ground out U3 (Groundball, 3S, EV 63.8 MPH)
Steve Machol to third
Zach Espinosa to second
Batting: SHB Roger Holmes 0-0: Called Strike
0-1: Ball
1-1: Ball
2-1: Fly out, F4 (Line Drive, 4, EV 71.2 MPH)
Top of the 8th over - 1 run, 2 hits, 0 errors, 2 left on base; Missoula 15 - Grand Junction 13
BOTTOM OF THE 8TH
Grand Junction Rockies batting - Pitching for Missoula Osprey : RHP John Petersen
Pitching: RHP Tom Alatas
Now at 1B: Chad Mendoza
Now in CF: Enrique Ponce
Batting: SHB Jeff Sorrels 0-0: Called Strike
0-1: Ball
1-1: Foul Ball, location: 2F
1-2: Foul Ball, location: 2F
1-2: Fly out, F9 (Flyball, 89XD, EV 103.1 MPH)
Batting: RHB Willis Morales 0-0: Foul Ball, location: 2F
0-1: Ball
1-1: Ball
2-1: Foul Ball, location: 2F
2-2: Ground out 5-3 (Groundball, 56S, EV 87.5 MPH)
Batting: RHB Zakhar Edelman 0-0: Ball
1-0: Called Strike
1-1: Called Strike
1-2: Ball
2-2: Ball
3-2: Base on Balls
Batting: RHB Keith Giarratano 0-0: Foul Ball, location: 2F
0-1: Ball
1-1: Called Strike
1-2: Ball
2-2: Ball
3-2: Foul Ball, location: 2F
3-2: Foul Ball, location: 2F
3-2: Base on Balls
Zakhar Edelman to second
Batting: RHB Juan Figueroa 0-0: Ball
1-0: Called Strike
1-1: Ball
2-1: Foul Ball, location: 2F
2-2: Foul Ball, location: 2F
2-2: Ball
3-2: Base on Balls
Zakhar Edelman to third
Keith Giarratano to second
Batting: RHB Henry Alvizo 0-0: Called Strike
0-1: Ball
1-1: Called Strike
1-2: Ball
2-2: Foul Ball, location: 2F
2-2: Ball
3-2: Foul Ball, location: 2F
3-2: Base on Balls
Zakhar Edelman scores
Keith Giarratano to third
Juan Figueroa to second
Batting: RHB John Boyer 0-0: Ball
1-0: Fly out, F8 (Flyball, BS3, EV 86.9 MPH)
Bottom of the 8th over - 1 run, 0 hits, 0 errors, 3 left on base; Missoula 15 - Grand Junction 14
TOP OF THE 9TH
Missoula Osprey batting - Pitching for Grand Junction Rockies : RHP Willie Benito
Batting: RHB Ernesto Zamora 0-0: Ball
1-0: Fly out, F8 (Line Drive, 8RD, EV 91.2 MPH)
Batting: SHB Evan Armagost 0-0: Ground out 1-3 (Groundball, 13, EV 75.0 MPH)
Batting: SHB Blaine Peters 0-0: Ground out 6-3 (Groundball, 6M, EV 85.6 MPH)
Top of the 9th over - 0 runs, 0 hits, 0 errors, 0 left on base; Missoula 15 - Grand Junction 14
BOTTOM OF THE 9TH
Grand Junction Rockies batting - Pitching for Missoula Osprey : RHP Tom Alatas
Batting: LHB Luke Coulter 0-0: SINGLE (Line Drive, 34D, EV 96.2 MPH)
Batting: LHB Chris Salim 0-0: Ball
1-0: Called Strike
1-1: Called Strike
1-2: 2-RUN HOME RUN (Flyball, 8LXD, EV 115.6 MPH), Distance : 457 ft
Bottom of the 9th over - 2 runs, 2 hits, 0 errors, 0 left on base; Missoula 15 - Grand Junction 16
Game Over ... Grand Junction defeats Missoula, 16 to 15
Thursday, March 31st , 2022 - OOTP Baseball 22.12 Build 89